 Dungeon Crawl Stone Soup version 0.31-a0-1469-gd420192249 (webtiles) character file.

Game seed: 7173803209309321713

252 grandjackal the Chopper (level 5, -5/42 HPs)
             Began as a Demonspawn Gladiator on Dec 29, 2023.
             Killed by divine providence
             ... invoked by an orc priest
              (10 damage)
             ... on level 4 of the Dungeon.
             The game lasted 00:02:54 (2935 turns).

grandjackal the Chopper (Demonspawn Gladiator)      Turns: 2935, Time: 00:02:55

Health: -5/42      AC:  8    Str: 17    XL:     5   Next: 89%
Magic:  5/5        EV: 11    Int:  8    God:
Gold:   134        SH:  0    Dex: 14    Spells: 4/4 levels left

rFire   . . .        i - +2 whip (freeze)
rCold   . . .        (no shield)
rNeg    . . .        m - +0 ring mail
rPois   +            c - +0 helmet
rElec   .            h - +0 cloak
rCorr   +            p - +0 pair of gloves
SInv    .            (no boots)
Will    .....        v - amulet of regeneration
Stlth   +            s - ring of poison resistance
HPRegen 1.07/turn    x - ring of resist corrosion
MPRegen 0.09/turn

%: no passive effects
@: mighty
A: powered by pain 1
a: no special abilities


You were on level 4 of the Dungeon.
You visited 1 branch of the dungeon, and saw 4 of its levels.

You collected 134 gold pieces.

Inventory:

Hand Weapons
 a - a +0 war axe
 i - a +2 whip of freezing (weapon)
Missiles
 d - 2 throwing nets (quivered)
 e - a javelin
Armour
 c - a +0 helmet (worn)
 h - a +0 cloak (worn)
 m - a +0 ring mail (worn)
 p - a +0 pair of gloves (worn)
Jewellery
 s - a ring of poison resistance (left hand)
 v - an amulet of regeneration (around neck)
 x - a ring of resist corrosion (right hand)
Scrolls
 b - 2 scrolls of blinking {unknown}
 f - 2 scrolls of identify {unknown}
 l - 2 scrolls of fog {unknown}
 o - a scroll of enchant weapon {unknown}
 q - 2 scrolls of amnesia {unknown}
 r - a scroll of butterflies {unknown}
 w - a scroll of immolation {unknown}
Potions
 g - a potion of attraction {unknown}
 j - 2 potions of resistance {unknown}
 k - 6 potions of curing {unknown}
 n - a potion of brilliance {unknown}
 t - a potion of degeneration {unknown}
 u - a potion of ambrosia {unknown}


   Skills:
 + Level 4.0 Fighting
 + Level 4.2 Axes
 - Level 3.0 Throwing
 - Level 3.0 Dodging


You had 4 spell levels left.
You didn't know any spells.
Your spell library contained the following spells:

 Spells                   Type           Power      Damage    Failure   Level
 Apportation              Tloc           0%         N/A       63%         1
 Necrotise                Necr           0%         1d4       63%         1
 Sting                    Conj/Alch      0%         1d3       63%         1
 Summon Small Mammal      Summ           0%         N/A       63%         1
 Ensorcelled Hibernation  Hex/Ice        0%         N/A       77%         2
 Lesser Beckoning         Tloc           0%         N/A       77%         2
 Call Canine Familiar     Summ           0%         N/A       94%         3
 Gell's Gravitas          Tloc           0%         N/A       94%         3
 Passwall                 Erth           0%         N/A       94%         3
 Swiftness                Air            0%         N/A       94%         3
 Teleport Other           Tloc           0%         N/A       94%         3
 Summon Blazeheart Golem  Fire/Summ      0%         N/A       100%        4


Dungeon Overview and Level Annotations

Branches:
Dungeon (4/15)
 Temple: D:4-7

Altars:

Annotations:
D:1 1 transporter


Innate Abilities, Weirdness & Mutations

You sometimes gain a little power by taking damage.


Message History

An orc comes into view.
It is wielding a +2 hand axe of electrocution.
You hit the quokka. You freeze the quokka.
The quokka is severely wounded.
The quokka barely misses you.
You barely miss the quokka.
The quokka is heavily wounded.
The quokka closely misses you.
You hit the quokka. You freeze the quokka.
The quokka is almost dead.
An orc comes into view. It is wielding a +0 club.
The orc barely misses you. The quokka closely misses you.
You hit the quokka. You freeze the quokka.
You kill the quokka!
The orc hits you but does no damage.
You barely miss the orc.
An orc priest comes into view. It is wielding a +0 club.
The orc misses you.
You completely miss the orc.
The orc priest shouts!
The orc misses you. The orc hits you but does no damage.
You hit the orc. You freeze the orc.
The orc is severely wounded.
The orc hits you but does no damage. The orc misses you.
The orc attacks as it pursues you! The orc hits you but does no damage.
The orc priest calls down the wrath of Beogh upon you.
Beogh smites you!
You focus on the pain.
You feel very mighty all of a sudden.
The orc throws a stone.
The stone barely misses you.
An endoplasm comes into view.
The endoplasm quivers.
The orc priest mumbles some strange prayers to Beogh against you.
Beogh smites you! The orc attacks as it pursues you!
The orc hits you with a +2 hand axe of electrocution.
You are electrocuted!
* * * LOW HITPOINT WARNING * * *
A hobgoblin comes into view.
The hobgoblin shouts!
The orc priest mumbles some strange prayers to Beogh against you.
Beogh smites you!
You die...

.........................)....
..............######..........
####....#......####.....####..
...o..o.).†...........#.#####
....##.#.....##.#...........##
...........................<..
..##?....o#o......###.#>.....
........o........# #.####.##
..##......#.@.....# #.# #.# .
#......##.###### #.# #.#
#......##.# ... #.#
............ .>. ...
##..J........ .. #.# ....
.#.## ...# #g...


You could see an orc priest, 3 orcs and a hobgoblin.

Vanquished Creatures
  A jelly (D:4)
  Crazy Yiuf (D:3)
  Natasha (thrice) (D:2)
  6 adders
  2 worms (D:2)
  An orc (D:3)
  6 ball pythons
  3 endoplasms
  4 giant cockroaches
  8 goblins
  4 hobgoblins
  4 jackals (D:3)
  6 kobolds
  4 quokkas
  4 frilled lizards
  3 rats
60 creatures vanquished.

Notes
Turn   | Place    | Note
-------+----------+-------------------------------------------
     0 | D:1      | grandjackal the Demonspawn Gladiator began the quest for
                  | the Orb.
     0 | D:1      | Reached XP level 1. HP: 16/16 MP: 1/1
   204 | D:1      | Gained mutation: You sometimes gain a little power by
                  | taking damage. [demonic ancestry]
   204 | D:1      | Reached XP level 2. HP: 17/22 MP: 2/2
   564 | D:1      | You fall into a shaft and drop 1 floor!
   987 | D:2      | Reached XP level 3. HP: 14/28 MP: 3/3
  1412 | D:2      | Noticed Natasha
  1419 | D:2      | Killed Natasha
  1420 | D:2      | Reached XP level 4. HP: 32/34 MP: 4/4
  1767 | D:2      | Noticed Natasha
  1782 | D:2      | Killed Natasha
  1882 | D:2      | Noticed Natasha
  1893 | D:2      | Killed Natasha
  1973 | D:3      | Reached XP level 5. HP: 41/41 MP: 5/5
  2678 | D:3      | Found a runed translucent door.
  2679 | D:3      | Noticed Crazy Yiuf
  2813 | D:3      | Killed Crazy Yiuf
  2935 | D:4      | Killed from afar by an orc priest

Illustrated notes

Levels and vault maps discovered:
D:1:      spicycebolla_arrival_risky_transporter, layout_basic
D:2:      layout_loops_corners, kennysheep_path_1, minmay_misc_feat_room,
          uniq_natasha
D:3:      layout_loops_ring, minmay_pentomino_pile, uniq_crazy_yiuf_cottage
D:4:      wad_crossroads, layout_rooms, kennysheep_mini_moat,
          minmay_temple_entry_purple_smoke, bh_walls_and_bars

Skill      XL: |  1  2  3  4  5 |
---------------+----------------+-----
Throwing       | 2 3 |  3.0
Dodging        | 3 |  3.0
Axes           | 3 4 |  4.2
Fighting       | 3 4 |  4.0

Action                     |  1- 3 |  4- 6 || total
---------------------------+-------+-------++-------
  Melee: War axe           |    11 |       ||    11
         Whip              |    75 |   119 ||   194
         Unarmed           |       |     6 ||     6
  Throw: Throwing net      |       |     1 ||     1
 Armour: Leather armour    |    11 |       ||    11
         Ring mail         |    25 |    67 ||    92
  Dodge: Dodged            |    51 |    52 ||   103

Table legend: (Time is in decaauts)
 A = Elapsed time spent in this place.
 B = Non-inter-level travel time spent in this place.
 C = Inter-level travel time spent in this place.
 D = Time resting spent in this place.
 E = Time spent auto-exploring this place.
 F = Levels seen in this place.
 G = Mean time per level.
                   A        B        C        D        E       F      G
               +--------+--------+--------+--------+--------+-----+--------+
         Total |   2939 |   2806 |    133 |    265 |   2072 |   4 |  734.8 |
       Dungeon |   2939 |   2806 |    133 |    265 |   2072 |   4 |  734.8 |
               +--------+--------+--------+--------+--------+-----+--------+

Top non-repeatable levels by time:
     D:2: 1224 daAuts
     D:3: 916 daAuts
     D:1: 743 daAuts
     D:4: 55 daAuts
